Map: Blackburn LE

Players

LiquidClem (Clem) - Winner!

  • Race: Terran Terran

Dark

  • Race: Zerg Zerg

VOD

Have the link to the VOD?

Description

Time

  • Played on: Nov. 19, 2021, 8:58 a.m.
  • Length: 25:47
Show
View Real Time Build Order
Export as new Build Order

LiquidClem Terran - Winner!

Build Orders: Reaper Expand 

Get SALT Encoding   

  12  0:01  SCV  
  13  0:13  SCV  
  14  0:17  Supply Depot  
  14  0:25  SCV  
  15  0:39  SCV  
  15  0:40  Barracks  
  16  0:44  Refinery  
  16  0:51  SCV  
  17  1:03  SCV  
  18  1:15  SCV  
  19  1:27  Reaper, Orbital Command  
  20  1:41  Command Center  
  20  1:48  Supply Depot  
  20  1:53  SCV  
  21  1:59  Marine  
  22  2:05  SCV  
  23  2:12  Factory  
  23  2:17  SCV  
  23  2:21  Barracks Reactor  
  24  2:29  SCV  
  25  2:41  Command Center  
  25  2:42  SCV  
  26  2:52  Orbital Command  
  26  2:54  SCV  
  27  3:00  Barracks  
  27  3:03  Barracks Tech Lab  
  27  3:06  SCV  
  27  3:09  Hellion  
  30  3:14  Hellion  
  30  3:18  SCV  
  30  3:19  SCV  
  34  3:22  Refinery  
  34  3:25  Marine  
  35  3:29  Stimpack  
  35  3:31  SCV  
  35  3:32  SCV  
  37  3:43  SCV  
  37  3:44  SCV  
  37  3:46  Marine  
  40  3:49  Starport  
  40  3:53  Orbital Command  
  40  3:54  Factory Reactor  
  40  3:55  Marine x2  
  42  3:56  SCV  
  42  3:57  SCV  
  44  4:04  Supply Depot  
  44  4:06  Marine  
  44  4:08  SCV  
  44  4:09  SCV  
  47  4:12  Marine  
  48  4:19  SCV  
  48  4:20  SCV, Marine  
  48  4:21  SCV  
  48  4:23  Marine  
  53  4:28  Supply Depot  
  53  4:30  Marine  
  54  4:32  SCV  
  54  4:33  SCV  
  54  4:35  Refinery, Barracks  
  54  4:36  Medivac, Factory Tech Lab  
  58  4:39  Medivac  
  58  4:40  SCV  
  58  4:45  SCV  
  62  4:48  Engineering Bay  
  62  4:49  Engineering Bay, Marine x2  
  62  4:51  Marine  
  65  4:54  Supply Depot  
  65  4:55  SCV  
  65  4:56  Orbital Command  
  65  4:57  SCV  
  67  5:03  Refinery, Siege Tank  
  70  5:07  SCV  
  70  5:09  SCV, Supply Depot  
  70  5:10  Marine  
  73  5:14  Combat Shield  
  73  5:18  Supply Depot  
  73  5:19  SCV  
  74  5:21  SCV  
  74  5:22  SCV  
  74  5:26  Marine  
  77  5:30  Barracks Reactor  
  77  5:32  SCV  
  77  5:33  Marine  
  77  5:35  SCV, Terran Infantry Weapons Level 1  
  80  5:36  SCV  
  80  5:38  Starport Reactor  
  80  5:41  Marine x2, Supply Depot, Terran Infantry Armor Level 1  
  80  5:42  Marine  
  84  5:44  SCV, Marine  
  84  5:49  SCV  
  84  5:51  Siege Tank  
  84  5:52  Marine  
  84  5:54  SCV  
  84  5:56  SCV  
  90  5:58  Barracks  
  90  6:00  Barracks  
  90  6:01  Marine x2  
  92  6:04  SCV  
  92  6:06  SCV  
  92  6:08  Supply Depot  
  92  6:09  Marine x2  
  96  6:15  SCV  
  96  6:16  Marine  
  96  6:18  SCV  
  99  6:19  Medivac x2, Marine  
  99  6:21  Marine  
  105  6:26  Siege Tank, Supply Depot  
  105  6:27  SCV  
  105  6:29  SCV  
  105  6:30  Marine  
  111  6:33  Refinery  
  111  6:35  Marine x2  
  111  6:36  Factory  
  113  6:40  Armory  
  113  6:41  SCV x2  
  113  6:42  Marine x2  
  117  6:47  SCV, Supply Depot, Marine  
  117  6:48  Barracks Reactor  
  117  6:49  Barracks Reactor  
  117  6:53  SCV x2, Marine  
  122  6:57  Marine  
  122  6:58  Supply Depot  
  122  7:00  Widow Mine  
  122  7:05  Command Center, Marine  
  122  7:06  Supply Depot, Marine  
  124  7:10  Marine  
  124  7:11  Marine  
  124  7:15  Marine  
  127  7:16  Medivac x2  
  127  7:17  Supply Depot  
  127  7:18  Supply Depot  
  131  7:23  Marine  
  131  7:24  Marine x2  
  131  7:26  Marine x2  
  131  7:27  Marine  
  131  7:28  Marine  
  122  7:30  Factory Reactor  
  122  7:31  Drilling Claws  
  122  7:32  Widow Mine, Marine  
  122  7:33  Marine  
  126  7:37  Refinery  
  126  7:40  Terran Infantry Weapons Level 2  
  126  7:41  Supply Depot, Marine x3  
  129  7:44  Marine x2  
  129  7:46  Medivac, Marine x2  
  135  7:51  Marine x2  
  135  7:54  Widow Mine  
  135  7:56  Terran Infantry Armor Level 2  
  135  7:59  Marine x2  
  135  8:01  Marine  
  135  8:02  Marine  
  138  8:06  Marine  
  138  8:09  Widow Mine, Marine x3  
  138  8:13  Medivac  
  138  8:16  Medivac  
  138  8:17  Widow Mine, Marine x2  
  147  8:20  SCV x3, Terran Vehicle And Ship Armor Level 1  
  147  8:26  Marine x2  
  151  8:29  Widow Mine, Marine  
  151  8:30  Marine  
  151  8:31  Marine x2  
  151  8:32  Widow Mine  
  159  8:40  Marauder  
  159  8:41  Marine  
  161  8:43  Medivac  
  161  8:46  Widow Mine  
  161  8:47  Medivac  
  165  8:49  Barracks, Concussive Shells  
  165  8:50  Barracks x2  
  164  8:56  Marine x5  
  164  8:57  Marine  
  164  8:58  Widow Mine x2  
  164  8:59  SCV  
  173  9:06  Marine x3  
  173  9:08  Widow Mine  
  178  9:13  Medivac  
  180  9:19  Widow Mine  
  180  9:20  Widow Mine, Marine  
  183  9:25  Planetary Fortress  
  183  9:26  SCV  
  183  9:30  Widow Mine, Marine  
  183  9:31  Marine x2  
  177  9:32  SCV x2  
  177  9:38  SCV, Command Center, Sensor Tower  
  178  9:40  Widow Mine  
  178  9:41  Widow Mine  
  178  9:42  Barracks Tech Lab x2, Marine x2  
  178  9:43  Barracks Tech Lab  
  178  9:45  Marine x2  
  172  9:50  Marine  
  172  9:51  Widow Mine, Marine x3  
  177  9:58  Terran Infantry Weapons Level 3  
  177  9:59  Marine x2  
  178  10:00  Marine  
  178  10:02  Widow Mine x2  
  178  10:03  Marine  
  178  10:06  Refinery x2  
  183  10:09  Marine  
  183  10:10  Supply Depot  
  183  10:12  Widow Mine  
  184  10:15  Marine x2  
  184  10:16  Marine x2  
  184  10:20  Marauder  
  187  10:28  Terran Infantry Armor Level 3  
  187  10:32  Widow Mine x2, Marauder x2, Marine  
  196  10:36  Marine  
  196  10:43  Widow Mine, Liberator  
  196  10:44  Liberator  
  196  10:46  Marine  
  196  10:47  Marine x2  
  189  10:52  Marauder x2, Marine  
  189  10:54  Widow Mine x2  
  189  10:56  Marine x2  
  189  10:57  Marine x3  
  192  11:00  Marauder  
  192  11:01  SCV x3  
  192  11:03  SCV  
  192  11:04  Marine  
  169  11:05  Widow Mine, Marine x2  
  169  11:09  Marine  
  172  11:12  Missile Turret  
  172  11:13  SCV, Marine x2  
  172  11:14  Marine  
  172  11:15  Hellion, Widow Mine  
  180  11:21  Marine  
  180  11:23  Marine x3  
  177  11:26  Widow Mine, Terran Vehicle And Ship Armor Level 2  
  178  11:35  Marine x3  
  178  11:36  Widow Mine x2, Planetary Fortress, Marauder  
  187  11:43  Marine  
  187  11:44  SCV  
  187  11:54  SCV x2  
  187  11:55  Marine  
  187  11:56  SCV  
  187  11:57  Marine  
  187  11:58  Marine x2  
  187  12:00  Marauder, Supply Depot  
  187  12:01  Marine  
  187  12:02  Widow Mine x2, Marauder x2, Medivac  
  187  12:07  Marauder  
  187  12:08  SCV, Widow Mine  
  194  12:21  Ghost Academy  
  194  12:22  Marauder  
  196  12:23  Widow Mine, Marauder  
  196  12:25  Refinery  
  200  12:32  Missile Turret x2  
  200  12:35  Missile Turret  
  200  12:36  Factory Tech Lab  
  200  13:04  Marine x2  
  196  13:06  Marine x2  
  196  13:07  Marine  
  196  13:08  SCV x2  
  197  13:18  Marauder, Marine x2  
  197  13:19  Siege Tank x2  
  198  13:23  Marine  
  199  13:31  Command Center  
  199  13:34  Command Center  
  199  13:35  Command Center  
  199  13:43  Ghost, Terran Vehicle Weapons Level 1  
  199  13:46  Medivac x2  
  199  13:48  Ghost x2  
  191  13:49  Ghost  
  191  13:55  SCV  
  190  13:57  Command Center  
  190  13:59  Siege Tank  
  190  14:00  Siege Tank, Marine x4  
  190  14:01  Marine x2  
  190  14:02  Marine  
  178  14:12  Ghost  
  178  14:16  Ghost x2  
  181  14:17  SCV  
  181  14:18  Ghost  
  185  14:29  Marine x2  
  185  14:31  Siege Tank, Marine x2  
  185  14:32  Siege Tank, Marine x2  
  191  14:39  SCV, Missile Turret, Refinery  
  191  14:40  Missile Turret, Ghost  
  191  14:42  SCV  
  191  14:45  Ghost x2  
  199  14:49  Missile Turret  
  199  14:51  Orbital Command x2  
  195  15:06  Ghost  
  190  15:07  SCV  
  190  15:08  SCV  
  190  15:09  Ghost  
  190  15:11  Siege Tank  
  190  15:13  Siege Tank  
  200  15:23  Ghost Academy  
  192  15:29  Ghost  
  192  15:33  Planetary Fortress  
  191  15:36  SCV  
  191  15:39  SCV  
  191  15:40  SCV  
  188  15:43  Siege Tank  
  188  15:45  Siege Tank  
  191  15:50  SCV  
  184  15:57  Ghost  
  184  16:03  SCV x2  
  182  16:09  SCV  
  182  16:10  Ghost  
  181  16:15  SCV, Siege Tank  
  181  16:17  Siege Tank  
  181  16:18  SCV  
  189  16:20  Sensor Tower  
  189  16:21  Missile Turret  
  187  16:26  SCV  
  187  16:28  Ghost  
  187  16:29  Marine x2  
  187  16:30  Marine  
  187  16:32  Marine x2  
  194  16:38  SCV  
  192  16:43  SCV  
  192  16:44  SCV  
  192  16:45  SCV  
  189  16:50  Siege Tank, Marine x2  
  179  16:59  SCV  
  174  17:12  SCV  
  174  17:13  Ghost  
  177  17:17  Ghost  
  179  17:23  Siege Tank  
  169  17:32  Ghost  
  169  17:44  SCV, Marine  
  169  17:47  Siege Tank  
  162  17:52  Marine x4  
  166  18:00  Refinery  
  166  18:01  Marauder  
  166  18:02  Missile Turret, Marauder  
  170  18:08  Refinery x2  
  170  18:09  Planetary Fortress  
  170  18:11  SCV, Missile Turret  
  170  18:12  SCV  
  172  18:13  SCV  
  173  18:21  SCV  
  173  18:22  SCV  
  173  18:24  Siege Tank, Orbital Command  
  178  18:30  Ghost  
  168  18:39  Ghost  
  150  18:42  SCV x2  
  150  18:44  Marine x3  
  150  18:47  SCV x2  
  157  18:49  Marine x2  
  157  18:50  Marine  
  157  18:55  Terran Vehicle Weapons Level 2  
  160  18:58  SCV x2  
  160  18:59  Marine  
  163  19:05  SCV  
  163  19:07  Missile Turret  
  163  19:09  Siege Tank  
  167  19:12  Siege Tank  
  170  19:19  Ghost x2  
  170  19:20  Marine  
  175  19:24  Marine x2  
  177  19:33  Command Center  
  177  19:37  Personal Cloaking  
  174  19:43  Siege Tank  
  174  19:44  Marine x2  
  174  19:45  Marine x2  
  181  19:49  Siege Tank  
  181  19:50  Marine x3  
  187  19:53  Marine x2  
  187  19:55  Marauder  
  191  20:01  Missile Turret  
  191  20:04  Missile Turret  
  191  20:06  Marine  
  191  20:07  Marine x2  
  192  20:08  Marine x3  
  192  20:10  Marine  
  192  20:11  Marine  
  196  20:15  Siege Tank  
  196  20:19  Neosteel Armor  
  199  20:44  SCV, Command Center x2  
  191  20:50  Siege Tank  
  191  20:51  Ghost x3, Siege Tank  
  177  21:01  Marauder  
  177  21:02  Marine  
  177  21:04  Marine x2  
  180  21:07  Marine  
  180  21:08  Marine  
  184  21:20  Marauder  
  184  21:22  Siege Tank  
  184  21:23  Siege Tank  
  192  21:26  Marine  
  188  21:37  Marauder, Marine  
  188  21:39  Marine x2  
  193  21:46  Ghost x2  
  196  21:54  Siege Tank  
  196  22:00  Siege Tank, Marine x2  
  191  22:01  Missile Turret  
  191  22:04  Ghost, Sensor Tower  
  191  22:05  Marine  
  191  22:07  SCV x2  
  146  22:09  SCV x2  
  146  22:11  SCV  
  146  22:13  Orbital Command  
  147  22:17  Medivac  
  147  22:21  Marine x3  
  147  22:22  Marine x3  
  138  22:25  Marine  
  138  22:26  Siege Tank, Marine  
  143  22:32  Siege Tank, Marine x2  
  143  22:34  SCV  
  143  22:35  SCV  
  150  22:42  Orbital Command  
  150  22:48  SCV  
  151  22:55  Ghost  
  151  22:57  Marine x2  
  151  22:58  SCV, Siege Tank  
  153  23:04  Siege Tank  
  143  23:06  Marine x2  
  143  23:07  Marine  
  121  23:14  SCV  
  121  23:16  Marine x2  
  124  23:20  Marine x2  
  124  23:24  SCV  
  124  23:25  SCV x2  
  122  23:27  SCV  
  122  23:30  Widow Mine, Marine  
  122  23:34  SCV  
  127  23:37  Widow Mine  
  129  23:42  Ghost  
  129  23:44  Ghost  
  129  23:47  Marine  
  133  23:51  Marine x3  
  133  23:55  Marine x2  
  138  24:01  Widow Mine x2  
  142  24:05  Ghost  
  142  24:09  Ghost  
  146  24:20  Marine x2  
  146  24:22  Widow Mine  
  147  24:24  SCV x2  
  147  24:25  SCV x2  
  147  24:31  Sensor Tower  
  151  24:32  Missile Turret  
  154  24:38  Siege Tank  
  154  24:42  Ghost, Missile Turret  
  154  24:43  Planetary Fortress  
  156  24:47  SCV x3  
  156  24:48  SCV, Ghost  
  156  24:49  Missile Turret  
  156  24:50  Widow Mine  
  156  24:52  Ghost  
  166  24:57  Ghost  
  166  25:07  SCV  
  166  25:08  SCV x2  
  166  25:10  Ghost  
  171  25:16  Ghost  
  171  25:17  Widow Mine x2  
  171  25:18  Marine  
  178  25:26  Marine  
  178  25:27  Marine  
  178  25:28  Marine  
  154  25:31  SCV  
  154  25:33  SCV  
  154  25:34  SCV  
Show
View Real Time Build Order
Export as new Build Order

Dark Zerg 

Build Orders: Hatch First, Lurkers 

Get SALT Encoding   

  12  0:00  Drone  
  13  0:12  Overlord  
  13  0:17  Drone  
  14  0:30  Drone x2  
  16  0:48  Hatchery  
  15  0:52  Drone  
  15  0:57  Drone  
  17  0:59  Drone  
  18  1:10  Extractor  
  17  1:14  Spawning Pool  
  17  1:16  Drone  
  17  1:20  Drone  
  18  1:28  Drone  
  19  1:41  Drone  
  20  1:49  Drone  
  21  2:00  Queen x2  
  25  2:01  Zergling x4  
  27  2:11  Zergling x2, Overlord  
  28  2:23  Hatchery  
  28  2:24  Drone  
  28  2:31  Drone  
  28  2:32  Drone  
  28  2:34  Drone  
  31  2:43  Queen  
  33  2:47  Metabolic Boost  
  33  2:52  Overlord  
  33  2:54  Drone  
  34  2:58  Drone x2  
  36  3:11  Drone x3  
  36  3:12  Drone x2  
  41  3:15  Overlord  
  41  3:19  Drone  
  42  3:27  Drone  
  43  3:30  Drone  
  44  3:34  Queen  
  44  3:35  Overlord  
  44  3:39  Drone  
  44  3:40  Drone  
  48  3:43  Drone x3  
  48  3:47  Drone x2  
  53  3:52  Drone x3  
  53  3:54  Drone  
  57  3:57  Extractor  
  57  3:59  Drone  
  57  4:04  Zergling x2  
  57  4:06  Drone  
  57  4:09  Drone  
  60  4:10  Evolution Chamber x2, Queen  
  60  4:12  Queen  
  62  4:17  Zergling x2  
  62  4:18  Drone x2  
  62  4:19  Drone  
  62  4:24  Overlord  
  66  4:25  Overlord  
  66  4:30  Overlord  
  65  4:38  Zerg Melee Weapons Level 1  
  65  4:42  Drone x6  
  65  4:43  Drone x2  
  65  4:44  Drone x2  
  75  4:47  Queen  
  75  4:49  Drone  
  75  4:52  Zerg Ground Armor Level 1  
  78  4:58  Zergling x4  
  78  4:59  Zergling x2  
  81  5:00  Drone x2  
  81  5:01  Drone  
  81  5:04  Drone x2, Baneling Nest  
  81  5:05  Drone  
  86  5:11  Drone  
  86  5:12  Drone  
  88  5:18  Zergling x2  
  88  5:19  Zergling x2  
  88  5:20  Hatchery  
  88  5:21  Overlord  
  89  5:24  Extractor x2  
  89  5:26  Zergling x6  
  89  5:33  Hatchery  
  88  5:36  Lair  
  88  5:40  Zergling x8  
  88  5:41  Zergling x6  
  95  5:48  Drone x2  
  98  5:51  Hatchery  
  98  5:52  Overlord x2  
  97  5:57  Baneling x5  
  97  5:58  Baneling  
  97  6:04  Overlord  
  97  6:07  Overlord x2  
  97  6:10  Drone  
  99  6:11  Zergling x12  
  99  6:17  Zergling x4  
  106  6:19  Hatchery  
  106  6:21  Baneling x3  
  106  6:24  Zergling x2  
  106  6:28  Zergling x2  
  106  6:29  Zergling x8  
  111  6:33  Zergling x2  
  111  6:34  Zergling x2  
  111  6:36  Zerg Melee Weapons Level 2  
  113  6:40  Hatchery  
  113  6:41  Drone x3  
  113  6:42  Drone x3  
  113  6:43  Burrow  
  113  6:45  Centrifugal Hooks  
  118  6:47  Drone  
  118  6:49  Infestation Pit  
  118  6:53  Drone x5  
  122  6:59  Zergling x8  
  125  7:02  Drone  
  125  7:06  Zergling x10  
  131  7:12  Zergling x16  
  131  7:14  Zergling x2  
  139  7:17  Zergling x4  
  140  7:23  Zergling x4  
  140  7:28  Zergling x10  
  138  7:35  Zergling x2  
  138  7:36  Zergling x12  
  144  7:39  Zerg Ground Armor Level 2  
  144  7:40  Zergling x12  
  144  7:41  Overlord  
  150  7:49  Hatchery  
  149  7:52  Overlord  
  149  7:55  Hive  
  146  8:01  Zergling x20  
  146  8:03  Spore Crawler  
  150  8:09  Zergling x2  
  150  8:10  Drone  
  150  8:11  Drone x3  
  150  8:12  Zergling x18  
  160  8:15  Spore Crawler  
  160  8:18  Spore Crawler  
  160  8:19  Drone x2  
  160  8:21  Extractor  
  160  8:22  Baneling  
  160  8:23  Baneling x2  
  160  8:24  Overlord x2  
  160  8:25  Overseer  
  160  8:26  Drone x6  
  165  8:31  Baneling x4  
  163  8:34  Overlord x3  
  163  8:35  Overlord  
  163  8:39  Overlord  
  158  8:44  Baneling x2  
  158  8:45  Baneling x4  
  158  8:46  Drone x6  
  158  8:47  Drone  
  164  8:48  Zergling x4  
  164  8:49  Zergling x2  
  163  8:56  Drone x4  
  163  8:57  Drone  
  163  8:58  Zergling x4, Hydralisk Den  
  163  8:59  Zergling x2  
  164  9:03  Zergling x14  
  164  9:04  Overseer  
  169  9:12  Zergling x2  
  169  9:13  Zergling x2  
  169  9:14  Zergling x22  
  180  9:18  Pneumatized Carapace, Overseer  
  180  9:23  Baneling x2  
  179  9:24  Baneling x3  
  179  9:25  Baneling x9  
  162  9:33  Zergling x2  
  162  9:37  Zergling x20  
  168  9:41  Zergling x2  
  168  9:44  Zergling x26  
  177  9:50  Zergling x10  
  177  9:51  Baneling x12  
  177  9:52  Zergling x2  
  175  9:53  Zergling x4  
  175  9:57  Grooved Spines  
  177  10:00  Lurker Den, Zergling x2  
  177  10:01  Zergling x4  
  177  10:04  Baneling x4  
  177  10:05  Zergling x2, Baneling x3  
  178  10:08  Zergling x18  
  178  10:12  Spore Crawler  
  184  10:18  Viper  
  184  10:20  Zergling x16  
  187  10:23  Zergling x2  
  187  10:28  Zergling x12  
  194  10:32  Zerg Melee Weapons Level 3  
  194  10:37  Zergling x12  
  168  10:51  Zergling x10  
  168  10:53  Zergling x20  
  173  10:58  Zergling x4  
  173  11:03  Zergling x8  
  161  11:07  Adaptive Talons  
  161  11:08  Zergling x6  
  161  11:09  Muscular Augments  
  161  11:10  Zergling x2  
  161  11:11  Zergling x12  
  163  11:17  Zergling x14  
  169  11:23  Zergling x4  
  171  11:26  Hydralisk x2  
  171  11:27  Hydralisk x4  
  171  11:29  Baneling x8  
  171  11:30  Zergling x8  
  184  11:34  Zergling x10  
  184  11:36  Extractor x2  
  177  11:42  Zergling x2  
  177  11:43  Zergling x10  
  177  11:44  Hydralisk  
  156  11:47  Zergling x2  
  156  11:49  Zergling x2  
  156  11:52  Baneling x7  
  156  11:53  Zergling x8  
  159  11:59  Zergling x4  
  159  12:00  Drone x3  
  159  12:01  Drone  
  160  12:03  Extractor  
  160  12:04  Drone x4, Seismic Spines, Extractor  
  158  12:10  Zergling x10  
  163  12:15  Hydralisk x2  
  163  12:16  Hydralisk x3  
  163  12:21  Spine Crawler  
  163  12:22  Spine Crawler  
  171  12:23  Zergling x2  
  171  12:24  Zerg Missile Weapons Level 1  
  171  12:25  Hatchery  
  171  12:26  Zergling x6  
  174  12:31  Zergling x2  
  174  12:32  Zergling x4  
  177  12:38  Zergling x10  
  177  12:44  Hydralisk, Lurker x2  
  184  12:53  Zergling x2  
  184  12:55  Zergling x18  
  193  12:59  Zergling x2  
  193  13:02  Extractor  
  193  13:04  Zergling x18  
  193  13:05  Baneling x12  
  190  13:06  Baneling  
  190  13:09  Zerg Ground Armor Level 3  
  190  13:10  Lurker x2  
  190  13:11  Zergling x8  
  194  13:16  Zergling x4  
  184  13:24  Zergling x14  
  191  13:30  Baneling  
  191  13:31  Lurker, Baneling x4  
  191  13:32  Zergling x12  
  196  13:40  Zergling x2  
  196  13:48  Zergling x12  
  185  13:51  Zergling x6  
  175  14:02  Lurker x6  
  173  14:04  Zergling x2  
  173  14:05  Zergling x2  
  173  14:06  Zergling x24  
  173  14:08  Baneling x10  
  185  14:13  Zergling x8  
  185  14:16  Zergling x4  
  191  14:18  Hydralisk x2  
  191  14:20  Zergling x2  
  191  14:21  Zergling x4  
  198  14:24  Overseer  
  198  14:27  Overseer x3  
  196  14:34  Zergling x2  
  196  14:35  Zergling x6  
  200  14:45  Baneling x5  
  199  15:02  Zergling x4  
  199  15:03  Zergling x2  
  195  15:09  Zergling x10  
  195  15:12  Zergling x2  
  188  15:15  Zergling x26  
  190  15:30  Zergling x18  
  199  15:40  Zergling x14  
  199  15:41  Zergling x2  
  189  15:45  Zergling x4  
  189  15:46  Zergling x2  
  189  15:48  Hatchery  
  188  15:51  Zergling x2  
  188  15:52  Zergling x4  
  188  15:54  Zerg Missile Weapons Level 2  
  191  15:58  Zergling x8  
  191  16:00  Hydralisk x2  
  191  16:02  Lurker x3  
  191  16:05  Zergling x2  
  191  16:06  Zergling x12  
  191  16:08  Adrenal Glands  
  189  16:11  Zergling x2  
  189  16:12  Zergling x20  
  189  16:14  Zergling x4  
  199  16:18  Baneling x2  
  199  16:19  Baneling x8  
  199  16:24  Zergling x2  
  200  16:32  Zergling x12  
  200  16:38  Hydralisk x3  
  200  16:39  Hydralisk x2  
  199  16:46  Lurker  
  199  16:47  Lurker  
  180  16:50  Overseer x4  
  180  16:51  Zergling x30  
  170  16:54  Zergling x10  
  170  16:58  Zergling x6  
  169  17:03  Zergling x2  
  169  17:04  Zergling x10, Baneling x7  
  169  17:05  Baneling x5  
  169  17:06  Zergling x2  
  169  17:07  Zergling x2  
  169  17:08  Zergling x2  
  175  17:12  Zergling x8  
  175  17:13  Zergling x4  
  178  17:17  Zergling x2  
  178  17:19  Zergling x2  
  178  17:20  Baneling x11  
  178  17:22  Zergling x8  
  173  17:23  Zergling x12  
  173  17:27  Zergling x10  
  175  17:30  Hydralisk, Overseer x2  
  175  17:32  Hydralisk  
  175  17:33  Hydralisk  
  175  17:34  Hydralisk  
  175  17:35  Hydralisk x3  
  182  17:37  Overlord x3  
  182  17:39  Zergling x6  
  182  17:44  Zergling x2  
  165  17:51  Zergling x6  
  165  17:53  Zergling x2  
  165  17:54  Zergling x18  
  165  17:56  Zergling x6  
  165  17:57  Lurker x2  
  165  17:58  Lurker x4  
  186  18:00  Zergling x2  
  186  18:01  Zergling x6  
  186  18:04  Zergling x2  
  191  18:10  Zergling x14  
  191  18:12  Pathogen Glands  
  198  18:15  Zergling x2  
  198  18:18  Baneling x2  
  199  18:20  Baneling x13  
  155  18:42  Zergling x50  
  155  18:43  Zergling x4  
  155  18:44  Baneling x4  
  155  18:45  Baneling x3  
  178  18:53  Hatchery, Zergling x10  
  182  19:01  Viper x2  
  188  19:03  Viper  
  188  19:07  Drone x3  
  188  19:08  Spore Crawler  
  188  19:09  Infestor x3, Neural Parasite  
  195  19:13  Baneling  
  199  19:25  Zergling x2  
  199  19:27  Zerg Missile Weapons Level 3  
  200  19:44  Baneling x2  
  200  19:45  Baneling x3  
  200  19:54  Overseer  
  200  19:55  Overseer  
  200  20:01  Baneling x7  
  200  20:13  Overseer x3  
  200  20:19  Spore Crawler  
  200  20:20  Extractor  
  197  20:27  Zergling x4  
  197  20:28  Zergling x8  
  196  20:35  Zergling x8  
  200  20:42  Baneling  
  200  20:43  Baneling x11  
  189  20:56  Baneling  
  189  20:57  Zergling x14, Baneling x7  
  173  20:58  Zergling x34  
  197  21:12  Zergling x6  
  197  21:15  Spine Crawler  
  197  21:18  Spine Crawler x2  
  198  21:20  Zergling x6  
  198  21:24  Zergling x2  
  199  21:26  Zergling x2  
  199  21:30  Zergling x2  
  199  21:31  Baneling x6  
  199  21:32  Baneling x10  
  199  21:33  Zergling x2  
  199  21:37  Infestor x3  
  200  21:43  Zergling x2  
  196  21:49  Zergling x16  
  182  22:07  Zergling x16  
  147  22:10  Zergling x38  
  158  22:18  Zergling x2  
  158  22:19  Zergling x10  
  158  22:21  Zergling x2  
  158  22:22  Zergling x4  
  146  22:28  Infestor, Baneling x4  
  144  22:30  Zergling x10  
  144  22:31  Baneling x15  
  144  22:32  Baneling  
  144  22:35  Zergling x6  
  144  22:36  Extractor  
  150  22:38  Zergling x2  
  150  22:41  Zergling x10  
  150  22:43  Baneling x10  
  156  22:44  Zergling x6  
  156  22:49  Ultralisk Cavern, Zergling x2  
  156  22:50  Zergling x2  
  156  22:51  Zergling x8  
  163  22:55  Zergling x6  
  125  23:10  Zergling x20  
  125  23:12  Baneling x12  
  102  23:13  Zergling x10  
  102  23:16  Zergling x4, Baneling x3  
  102  23:18  Zergling x2  
  110  23:21  Zergling x2  
  110  23:23  Zergling x6  
  110  23:25  Zergling x2  
  110  23:26  Zergling x2  
  114  23:28  Overlord x3  
  114  23:31  Extractor, Overlord  
  110  23:34  Hydralisk x3  
  110  23:39  Hydralisk x2  
  110  23:40  Hydralisk  
  124  23:47  Hatchery  
  123  23:51  Chitinous Plating  
  123  23:54  Zergling x16  
  131  23:57  Overlord x3  
  131  23:59  Zergling x6  
  132  24:04  Overseer  
  132  24:05  Overlord x3  
  132  24:06  Zergling x2  
  133  24:12  Zergling x6  
  134  24:22  Ultralisk  
  134  24:23  Zergling x12  
  141  24:26  Overseer  
  141  24:39  Ultralisk, Zergling x12  
  141  24:40  Zergling x8  
  141  24:41  Zergling x6  
  159  24:46  Zergling x2  
  159  24:48  Zergling x2  
  159  24:49  Zergling x4  
  163  24:54  Zergling x4  
  163  24:57  Zergling x4  
  167  25:00  Zergling x6  
  167  25:06  Zergling x6  
  172  25:09  Zergling x2  
  172  25:10  Zergling x2  
  172  25:11  Zergling x4  
  172  25:16  Zergling x6  
  172  25:19  Zergling x2  
Tags
 
Add a new tag
Caveats
  • Supply blocks, unpowered buildings, or Contaminate may cause inaccurate times.
  • Supply counts are checked every 10 seconds.